 Dungeon Crawl Stone Soup version 0.28-a0-1616-g050a50673c (webtiles) character file.

Game seed: 12294363414436799405

65834 a3don the Thaumaturge (level 15, -4/145 HPs)
             Began as a Djinni Hedge Wizard on Jan 22, 2022.
             Was a High Priest of Makhleb.
             Slain by a tyrant leech (14 damage)
             ... on level 2 of the Swamp on Jan 23, 2022.
             The game lasted 02:56:57 (31505 turns).

a3don the Thaumaturge (Djinni Hedge Wizard)        Turns: 31505, Time: 02:56:58

Health: -4/145     AC: 35    Str:  9    XL:     15   Next: 59%
Gold:   863        EV: 13    Int: 24    God:    Makhleb [*****.] SH: 14 Dex: 12

rFire   + + .      SeeInvis +   a - +11 falchion of Plog {freeze, rElec rC++ SInv Stlth-}
rCold   + . .      Faith    .   G - +0 kite shield
rNeg    + + .      Spirit   .   (armour currently unavailable)
rPois   ∞          Reflect  +   w - +1 helmet
rElec   +          Harm     .   F - +0 cloak
rCorr   .          Rampage  .   (gloves currently unavailable)
Will    +....                   (boots unavailable)
Stlth   +.........              r - amulet of reflection
HPRegen 0.34/turn               g - +4 ring of protection
MPRegen 0.00/turn               z - ring of positive energy

@: statue-form, flying, very slow
A: slow and powerful, torment resistance 1, flying, boosted hp, sickness
immunity, fire resistance 2, cold vulnerability 1, float, innate caster, hp
casting, extra vitality 1
a: End Transformation, Renounce Religion, Minor Destruction, Lesser Servant of
Makhleb, Major Destruction, Greater Servant of Makhleb


You were on level 2 of the Swamp.
You worshipped Makhleb.
Makhleb was extremely pleased with you.
You were a living statue of rough stone.
You visited 5 branches of the dungeon, and saw 22 of its levels.

You collected 926 gold pieces.
You spent 63 gold pieces at shops.

Inventory:

Hand Weapons
 a - the +11 falchion of Plog (weapon) {freeze, rElec rC++ SInv Stlth-}
   (You found it on level 7 of the Dungeon)

   It freezes those it strikes, dealing additional cold damage.
   It can also slow down cold-blooded creatures.
   rC:        It greatly protects you from cold.
   rElec:     It insulates you from electricity.
   SInv:      It lets you see invisible.
   Stlth:     It makes you less stealthy.
 c - a +2 whip of electrocution
 e - a +0 hunting sling
 B - a +5 dire flail of protection
 T - a +0 scimitar of flaming
 W - a +0 mace of holy wrath
Missiles
 h - 2 throwing nets
 j - 81 sling bullets
 x - 38 poisoned darts
 P - 6 silver javelins
 R - 4 curare-tipped darts (quivered)
 Y - 5 datura-tipped darts
Armour
 d - +0 acid dragon scales
 w - a +1 helmet (worn)
 y - a +2 robe of willpower (melded)
 F - a +0 cloak (worn)
 G - a +0 kite shield (worn)
 O - a +1 pair of gloves (melded)
Magical Staves
 b - a staff of poison
 V - a staff of earth
 Z - a staff of cold
Jewellery
 g - a +4 ring of protection (left fist)
 r - an amulet of reflection (around neck)
 z - a ring of positive energy (right fist)
 H - a ring of positive energy
 X - an amulet of faith
Wands
 l - a wand of iceblast (3)
 m - a wand of flame (48)
 u - a wand of polymorph (10)
 I - a wand of digging (7)
 J - a wand of mindburst (44)
 M - a wand of charming (5)
 U - a wand of acid (2)
Scrolls
 i - a scroll of enchant weapon {unknown}
 k - a scroll of immolation
 p - 4 scrolls of silence
 q - 3 scrolls of magic mapping
 A - 5 scrolls of vulnerability
 K - a scroll of fear {unknown}
Potions
 f - 2 potions of curing
 s - a potion of lignification {unknown}
 t - 4 potions of brilliance
 v - 2 potions of mutation
 N - a potion of ambrosia {unknown}
 S - a potion of magic {unknown}
Miscellaneous
 E - a lightning rod (3/4)


   Skills:
 + Level 12.1 Fighting
 + Level 7.6 Long Blades
 - Level 6.1 Staves
 - Level 6.0 Armour
 - Level 8.2 Dodging
 - Level 1.7 Stealth
 - Level 6.0 Shields
 * Level 12.3 Spellcasting
 * Level 7.3 Invocations
 - Level 6.0 Evocations


You had one spell level left.
You knew the following spells:

 Your Spells              Type           Power      Damage    Failure   Level
a - Magic Dart            Conj           100%       1d8       1%          1
b - Sting                 Tmut/Pois      100%       1d8       1%          1
c - Scorch                Fire           100%       2d10      1%          2
d - Slow                  Hex            100%       N/A       1%          1
e - Conjure Flame         Conj/Fire      65%        6-21      1%          3
f - Mephitic Cloud        Conj/Pois/Air  65%        N/A       1%          3
g - Blink                 Tloc           100%       N/A       1%          2
h - Call Imp              Summ           65%        N/A       1%          2
i - Passwall              Tmut/Erth      54%        N/A       1%          2
j - Dispel Undead         Necr           65%        3d22      1%          4
k - Iskenderun's Battles  Conj           65%        2d11      1%          5
l - Agony                 Necr           65%        N/A       1%          5
m - Statue Form           Tmut/Erth      43%        N/A       11%         6
Your spell library was empty.

Dungeon Overview and Level Annotations

Branches:
Dungeon (12/15)            Temple (1/1) D:4            Lair (6/6) D:11
  Swamp (2/4) Lair:3       Spider (0/4) Lair:3        Slime (0/5) Lair:5
    Orc (1/2) D:10

Altars:
Ashenzari
Cheibriados
Dithmenos
Elyvilon
Fedhas
Gozag
Hepliaklqana
Kikubaaqudgha
Makhleb
Nemelex Xobeh
Okawaru
Qazlal
Ru
Sif Muna
Trog
Uskayaw
Vehumet
Wu Jian
Xom
Yredelemnul
Zin
The Shining One
Beogh
Jiyva

Shops:
D:6 *   D:10 (

Annotations:
D:9 exclusion: orange crystal statue
Lair:2 exclusion: oklob plant


Innate Abilities, Weirdness & Mutations

You are a living statue of rough stone.
Your actions are slow, but your melee attacks are powerful.
You are resistant to unholy torment.
You are flying.
Your maximum health is greatly increased.
Your equipment is partially melded.
You are immune to sickness and miasma.
You are immune to poison.
Your flesh is very heat resistant. (rF++)
You are vulnerable to cold. (rC-)
You float through the air rather than walking.
You learn spells naturally, not from books.
Your magical power is your life essence.
You have superior vitality. (+4 MHP)


Message History

Casting: Agony (mildly dangerous; 1% risk of failure)
Confirm with . or Enter, or press ? or * to list all spells.
Okay, then.
Okay, then.
You slash the bog body! You freeze the bog body.
The bog body is moderately damaged.
The spectral seven-headed hydra fades away!
You block the bog body's attack.
You slash the bog body!
The bog body is severely damaged.
You block the spectral death drake's attack.
The bog body casts a spell at you.
You easily resist.
The ghost crab breathes spectral mist at you.
The spectral mist engulfs the bog body but does no damage.
The spectral death drake barely misses you.
You block the bog body's attack.
You block the spectral death drake's attack.
You slash the bog body! You freeze the bog body.
You destroy the bog body!
Makhleb accepts your kill.
You are engulfed in spectral mist.
* * * LOW HITPOINT WARNING * * *
You block the spectral death drake's attack.
The ghost crab bites you!
* * * LOW HITPOINT WARNING * * *
The ghost crab barely misses you.
You feel better.
You are engulfed in spectral mist.
The tyrant leech is engulfed in spectral mist.
The tyrant leech bites you.
* * * LOW HITPOINT WARNING * * *
You block the ghost crab's attack. x2
You block the spectral snapping turtle's attack.
The spectral death drake bites you but does no damage.
You feel better.
You are engulfed in spectral mist.
You block the ghost crab's attack.
The ghost crab claws you but does no damage.
The spectral death drake bites you but does no damage.
The tyrant leech bites you!
You die...

♣ ... ♣♣♣♣♣.°≈≈.
♣♣♣♣○8tZ°○≈♣
♣..○Zw♣Z§≈≈§≈
♣.≈≈≈°≈≈.≈♣≈≈≈
......≈.≈≈≈.≈≈≈ ≈
♣.≈≈♣≈≈≈§.≈≈≈.≈≈
.♣(.≈≈.≈≈......≈.
♣♣≈≈≈..≈.♣≈.≈.≈.
♣♣.≈≈.♣≈≈≈...≈
♣.≈≈.≈≈≈..≈≈


You could see a tyrant leech, a ghost crab, a spectral death drake (summoned), a
spectral snapping turtle (summoned) and a spectral spriggan berserker
(summoned).

Vanquished Creatures
  Gastronok (Lair:3)
  A dire elephant (Lair:6)
  A boulder beetle (Lair:4)
  Harold (D:7)
  8 hydras
  Erica (D:9)
  4 two-headed ogres
  8 death yaks
  A goliath frog (Swamp:1)
  A spriggan druid (Swamp:1)
  A swamp dragon (Swamp:2)
  2 bog bodies
  A harpy (Lair:6)
  An orc knight (D:10)
  6 black mambas
  15 elephants
  6 centaur zombies
  13 cane toads
  An unseen horror (D:11)
  7 rime drakes
  9 komodo dragons
  A troll (D:11)
  5 polar bears
  A hornet (Lair:6)
  2 wind drakes (Lair:6)
  Grinder (D:5)
  A tyrant leech (Swamp:1)
  6 dream sheep (Lair:4)
  3 snapping turtles (Lair:6)
  22 blink frogs
  2 vampires
  2 spriggans (Swamp:1)
  A shadow (D:11)
  4 culicivoras
  A wraith (D:11)
  7 wyverns
  2 steam dragons
  3 basilisks
  40 yaks
  Menkaure (D:6)
  5 swamp worms (Swamp:1)
  Edmund (D:5)
  5 vampire mosquitoes
  An acid dragon (D:11)
  18 water moccasins
  Duvessa (D:4)
  2 black bears
  12 orc warriors
  An ice beast (D:6)
  3 sky beasts
  3 ogres
  A necrophage (D:5)
  11 centaurs
  25 wolves
  A phantom (D:6)
  A kobold brigand (D:10)
  Blork the orc (D:4)
  11 bullfrogs
  A wyvern zombie (D:9)
  A scorpion (Lair:1)
  A water moccasin zombie (D:5)
  Dowan (D:4)
  A howler monkey (D:5)
  4 wights
  2 electric eels
  A centaur skeleton (D:6)
  3 jellies
  A bullfrog zombie (D:5)
  9 orc priests
  A hound (D:6)
  A gnoll shaman (D:5)
  A bullfrog skeleton (D:6)
  3 iguanas
  12 orc wizards
  Robin (D:4)
  3 howler monkey zombies
  5 gnolls
  A howler monkey skeleton (D:5)
  8 adders
  A white imp (D:6)
  3 ufetubi (D:5)
  A worm (D:2)
  3 dart slugs (D:1)
  52 orcs
  8 ball pythons
  8 endoplasms
  A giant cockroach (D:1)
  13 goblins
  7 hobgoblins
  3 jackals (D:1)
  12 kobolds
  3 quokkas
  3 bats
  3 frilled lizards
  4 rats
  A butterfly (Lair:1)
484 creatures vanquished.

Vanquished Creatures (collateral kills)
  A hydra (Lair:6)
  4 elephants (Lair:6)
  A black mamba (Lair:6)
  2 cane toads (Lair:6)
  A rime drake (Lair:6)
  A wind drake (Lair:6)
  A swamp worm (Swamp:2)
  A dart slug (D:2)
  4 orcs
  A rat (D:1)
17 creatures vanquished.

Vanquished Creatures (others)
  A hornet (Swamp:2)
  A spriggan (Swamp:2)
  2 bushes (Lair:1)
  66 fungi
  96 plants
166 creatures vanquished.

Grand Total: 667 creatures vanquished

Notes
Turn   | Place    | Note
-------+----------+-------------------------------------------
     0 | D:1      | a3don the Djinni Hedge Wizard began the quest for the Orb.
     0 | D:1      | Reached XP level 1. HP: 15/15 MP: 0/0
   207 | D:1      | Reached XP level 2. HP: 17/21 MP: 0/0
   756 | D:1      | Reached XP level 3. HP: 9/26 MP: 0/0
   756 | D:1      | Learned a level 1 spell: Sting
  1312 | D:1      | HP: 1/26 [gnoll (4)]
  1321 | D:1      | Reached skill level 1 in Fighting
  2322 | D:2      | Reached XP level 4. HP: 26/32 MP: 0/0
  2743 | D:2      | Found a faded altar of an unknown god.
  3113 | D:3      | Noticed a phantom
  3834 | D:4      | Reached XP level 5. HP: 29/38 MP: 0/0
  3834 | D:4      | Learned a level 2 spell: Scorch
  3930 | D:4      | Found a staircase to the Ecumenical Temple.
  3933 | D:4      | Reached skill level 1 in Staves
  4214 | D:4      | Noticed Blork the orc
  4237 | D:4      | Killed Blork the orc
  4238 | D:4      | Reached XP level 6. HP: 29/46 MP: 0/0
  4420 | D:4      | Noticed Robin
  4430 | D:4      | Killed Robin
  4587 | D:4      | Noticed Dowan
  4588 | D:4      | Noticed Duvessa
  4604 | D:4      | Killed Duvessa
  4605 | D:4      | Killed Dowan
  4606 | D:4      | Reached XP level 7. HP: 38/50 MP: 0/0
  4606 | D:4      | Learned a level 2 spell: Passwall
  4713 | Temple   | Entered the Ecumenical Temple
  5525 | D:4      | Noticed Menkaure
  5805 | D:5      | Entered Level 5 of the Dungeon
  6191 | D:5      | Reached XP level 8. HP: 19/58 MP: 0/0
  6550 | D:5      | Noticed Grinder
  6693 | D:5      | Killed Grinder
  6694 | D:5      | Reached skill level 5 in Fighting
  6701 | D:5      | Reached skill level 5 in Spellcasting
  7278 | D:5      | Noticed Edmund
  7288 | D:5      | Killed Edmund
  7289 | D:5      | Reached XP level 9. HP: 37/66 MP: 0/0
  7289 | D:5      | Learned a level 4 spell: Dispel Undead
  7620 | D:5      | Reached skill level 5 in Staves
  9381 | D:6      | Killed Menkaure
  9463 | D:6      | Found Rinec's Assorted Antiques.
  9472 | D:6      | Bought a potion of curing for 63 gold pieces
  9787 | D:7      | Identified the +11 falchion of Plog {freeze, rElec rC++
                  | SInv Stlth-}
  9998 | D:7      | Found a sacrificial altar of Ru.
 10046 | D:7      | Reached skill level 1 in Long Blades
 10123 | D:7      | Reached XP level 10. HP: 64/75 MP: 0/0
 10611 | D:7      | Noticed Harold
 10633 | D:7      | Reached skill level 1 in Evocations
 10669 | D:7      | Killed Harold
 11934 | D:8      | Found a white marble altar of Elyvilon.
 13409 | D:9      | Reached XP level 11. HP: 71/82 MP: 0/0
 13409 | D:9      | Learned a level 5 spell: Iskenderun's Battlesphere
 13507 | D:9      | Noticed an orange crystal statue
 14024 | D:9      | Noticed a two-headed ogre
 14042 | D:9      | Killed a two-headed ogre
 14356 | D:9      | Noticed Erica
 14367 | D:9      | Killed Erica
 14368 | D:9      | Reached skill level 5 in Dodging
 14912 | D:10     | Entered Level 10 of the Dungeon
 15157 | D:10     | Found a staircase to the Orcish Mines.
 15158 | D:10     | Noticed an orc knight
 15163 | D:10     | Noticed a two-headed ogre
 15198 | D:10     | Killed an orc knight
 15444 | D:9      | Killed a two-headed ogre
 16302 | D:10     | Found Imailu Soaq's Antique Weapon Boutique.
 17003 | Temple   | Became a worshipper of Makhleb the Destroyer
 17157 | Orc:1    | Entered Level 1 of the Orcish Mines
 17388 | D:10     | Reached XP level 12. HP: 79/89 MP: 0/0
 17589 | D:11     | Noticed a two-headed ogre
 17609 | D:11     | Reached skill level 5 in Long Blades
 17933 | D:10     | Killed a two-headed ogre
 17934 | D:10     | Reached skill level 5 in Evocations
 18821 | D:11     | Found a staircase to the Lair.
 19446 | D:11     | Reached * piety under Makhleb
 19524 | Lair:1   | Entered Level 1 of the Lair of Beasts
 19715 | Lair:1   | Reached skill level 1 in Armour
 21010 | Lair:2   | Noticed a death yak
 21010 | Lair:2   | Noticed a death yak
 21012 | Lair:2   | Noticed a death yak
 21014 | Lair:2   | Noticed a death yak
 21043 | Lair:2   | Noticed a death yak
 21161 | Lair:1   | Reached skill level 10 in Fighting
 21594 | Lair:2   | Killed a death yak
 21598 | Lair:2   | Killed a death yak
 21599 | Lair:2   | Reached XP level 13. HP: 59/96 MP: 0/0
 21599 | Lair:2   | Learned a level 5 spell: Agony
 21604 | Lair:2   | Reached ** piety under Makhleb
 21607 | Lair:2   | Reached skill level 10 in Spellcasting
 22306 | D:12     | Reached skill level 1 in Shields
 22356 | D:12     | Identified the +6 quarterstaff of Scorn {flame, Str+2
                  | Int+2}
 22530 | Lair:2   | Noticed an eight-headed hydra
 22537 | Lair:2   | Killed an eight-headed hydra
 24335 | Lair:3   | Found a hole to the Spider Nest.
 24557 | Lair:3   | Noticed a five-headed hydra
 24565 | Lair:3   | Noticed Gastronok
 24570 | Lair:3   | Killed a five-headed hydra
 24579 | Lair:3   | Killed Gastronok
 24580 | Lair:3   | Reached skill level 5 in Armour
 24812 | Lair:3   | Reached *** piety under Makhleb
 24989 | Lair:3   | Found a staircase to the Swamp.
 25091 | Lair:3   | Reached XP level 14. HP: 98/105 MP: 0/0
 25412 | Lair:3   | Found a white marble altar of Elyvilon.
 25822 | Lair:4   | Reached skill level 1 in Invocations
 27431 | Lair:5   | Reached skill level 5 in Shields
 27570 | Lair:5   | Reached **** piety under Makhleb
 28003 | Lair:5   | Found a runed translucent door.
 28004 | Lair:5   | Found a viscous altar of Jiyva.
 28006 | Lair:5   | Found a staircase to the Slime Pits.
 28216 | Lair:6   | Entered Level 6 of the Lair of Beasts
 28431 | Lair:6   | Noticed a dire elephant
 29240 | Lair:6   | Killed a dire elephant
 29401 | Lair:6   | Reached skill level 5 in Invocations
 29611 | Lair:6   | Found a glowing golden altar of the Shining One.
 29634 | Lair:6   | Reached XP level 15. HP: 43/112 MP: 0/0
 29634 | Lair:6   | Learned a level 6 spell: Statue Form
 29992 | Lair:6   | Reached ***** piety under Makhleb
 30955 | Swamp:1  | Entered Level 1 of the Swamp
 31180 | Swamp:1  | Identified the +7 whip "Fofiax" {vorpal, rC- Will++ Int+4}
 31503 | Swamp:2  | HP: 2/145 [ghost crab (13)]
 31505 | Swamp:2  | Slain by a tyrant leech

Illustrated notes

Levels and vault maps discovered:
D:1:      wheals_arrival_shading, layout_basic, roderic_serpentine_path,
          nicolae_concentric_dashed_squares_mild, chequers_big_river
D:2:      layout_rooms, basic_ecumenical_altar
D:3:      layout_basic, serial_co_window_serial, co_window_of_opportunity_a,
          co_window_paths_a, co_window_paths_b, co_window_paths_a,
          co_window_of_opportunity_a, co_window_paths_b, co_window_paths_b,
          co_window_corner_cb, co_window_corner_b, co_window_corner_cb,
          co_window_of_opportunity_c, co_window_cross_3, co_window_paths_c,
          co_window_broadway_a, glass_columns_a, glass_columns_a,
          glass_columns_a, glass_columns_b, minmay_statues_item
D:4:      layout_loops_cross, minmay_temple_entry_overgrown, uniq_menkaure,
          uniq_robin, uniq_duvessa, uniq_blork_the_orc
D:5:      layout_basic, serial_bayou, serial_bayou_pond_b, serial_bayou_shore_b,
          serial_bayou_shore_a, serial_bayou_lagoon_a, serial_bayou_pond_d,
          minmay_small_thing, uniq_grinder, uniq_edmund
D:6:      layout_rooms, serial_shops, shop, nicolae_sextant
D:7:      layout_loops_corners, mainiacjoe_overflow_surrounded_room, uniq_harold
D:8:      layout_basic, general_overflow_altar
D:9:      layout_roguey, minmay_statue_bubble, uniq_erica
D:10:     layout_basic, vehumet_crystals, david_orc_5, serial_shops, shop,
          kennysheep_cluttered_room, st_stairs_12
D:11:     layout_basic, lair_entry_dummy
D:12:     layout_cave_pods, gauntlet_entry_generic, uniq_maurice
Temple:   mainiacjoe_temple_bowtie_tessellation
Lair:1:   layout_hall_layers, nicolae_quartered_pool_little, wad_woods_06,
          grunt_megastairs_1, lemuel_fruit_fields
Lair:2:   layout_hall_layers, infiniplex_staircase_pool_2
Lair:3:   layout_regular_city, minmay_swamp_entry_reptiles,
          hellmonk_spider_entry_life_and_decay, lemuel_centaur_altar,
          serial_bayou_shore_b, grunt_megastairs_3, uniq_gastronok
Lair:4:   layout_roguey, cheibrodos_lair_reptile_den, lemuel_fruit_fields
Lair:5:   layout_regular_city, slime_altar_2, grunt_megastairs_2,
          lemuel_fruit_fields
Lair:6:   gammafunk_lair_ancient_temple, layout_regular_city, basic_altar
Swamp:1:  layout_falls_marsh, gammafunk_ghost_wrathful_warriors,
          nicolae_swamp_dense_foliage, swamp_pool1, uniq_kirke
Swamp:2:  layout_falls_marsh, evilmike_swamp_ruin_house_4,
          nicolae_swamp_some_circles, infiniplex_staircase_pool
Orc:1:    layout_caves, serial_shops, nicolae_shop_hallway_plus,
          nicolae_shop_gadgets

Skill      XL: |  1  2  3  4  5  6  7  8  9 10 11 12 13 14 15 |
---------------+----------------------------------------------+-----
Fighting       | 1 2 3 4 5 7 8 9 10 11 12 | 12.1
Spellcasting   | 3 4 5 6 7 8 9 11 12 | 12.3
Staves         | 1 2 3 4 6 |  6.1
Long Blades    | 1 3 4 5 6 7 |  7.6
Evocations     | 3 4 5 6 |  6.0
Dodging        | 4 6 7 8 |  8.2
Armour         | 2 5 6 |  6.0
Shields        | 4 5 6 |  6.0
Invocations    | 5 7 |  7.3
Stealth        | |  1.7

Action                   |  1- 3 |  4- 6 |  7- 9 | 10-12 | 13-15 || total
-------------------------+-------+-------+-------+-------+-------++-------
Melee: Falchion          |     4 |    13 |     3 |     8 |    67 ||    95
       Punch             |     1 |     1 |       |     2 |       ||     4
       Staff             |       |    11 |    25 |    24 |     5 ||    65
       Unarmed           |       |       |       |       |    34 ||    34
       Scimitar          |       |       |       |       |    11 ||    11
 Fire: Hunting sling     |       |     5 |       |       |       ||     5
Throw: Dart              |       |       |       |     5 |       ||     5
 Cast: Magic Dart        |    62 |    41 |    34 |   287 |   493 ||   917
       Call Imp          |     3 |     4 |    12 |    12 |     2 ||    33
       Sting             |     5 |    44 |    87 |    63 |    11 ||   210
       Scorch            |       |     6 |    51 |    64 |    58 ||   179
       Mephitic Cloud    |       |       |    14 |    85 |   107 ||   206
       Passwall          |       |       |     1 |       |       ||     1
       Dispel Undead     |       |       |    17 |    22 |     2 ||    41
       Blink             |       |       |       |     3 |    14 ||    17
       Conjure Flame     |       |       |       |     1 |       ||     1
       Iskenderun's Batt |       |       |       |    73 |   111 ||   184
       Agony             |       |       |       |       |    15 ||    15
       Statue Form       |       |       |       |       |     6 ||     6
Invok: Lesser Servant of |       |       |       |       |     3 ||     3
Evoke: Wand              |       |       |       |       |     2 ||     2
       Lightning rod     |       |       |       |       |     1 ||     1
  Use: Potion            |       |     1 |       |       |    11 ||    12
       Scroll            |       |       |     8 |     7 |    13 ||    28
 Stab: Confused          |       |       |     1 |     3 |     4 ||     8
Armor: Robe              |     6 |    20 |    44 |    42 |    37 ||   149
       Skin              |       |       |       |       |   107 ||   107
Dodge: Dodged            |     6 |    36 |    70 |    93 |   162 ||   367
Block: Other             |       |       |       |     2 |     1 ||     3
       Kite shield       |       |       |       |       |   239 ||   239
       Reflection        |       |       |       |       |    11 ||    11

Table legend: (Time is in decaauts)
 A = Elapsed time spent in this place.
 B = Non-inter-level travel time spent in this place.
 C = Inter-level travel time spent in this place.
 D = Time resting spent in this place.
 E = Time spent auto-exploring this place.
 F = Levels seen in this place.
 G = Mean time per level.
                   A        B        C        D        E       F      G
               +--------+--------+--------+--------+--------+-----+--------+
         Total |  31666 |  30483 |   1183 |  13719 |  11886 |  22 | 1439.4 |
       Dungeon |  19528 |  18835 |    693 |   8395 |   7823 |  12 | 1627.3 |
        Temple |    249 |    201 |     48 |      0 |    184 |   1 |  249.0 |
          Lair |  11137 |  10697 |    440 |   4917 |   3794 |   6 | 1856.2 |
         Swamp |    624 |    624 |      0 |    360 |     40 |   2 |  312.0 |
  Orcish Mines |    126 |    126 |      0 |     47 |     45 |   1 |  126.0 |
               +--------+--------+--------+--------+--------+-----+--------+

Top non-repeatable levels by time:
     D:5: 2564 daAuts
  Lair:2: 2360 daAuts
     D:1: 2314 daAuts
     D:9: 2227 daAuts
     D:4: 2169 daAuts
    D:10: 2103 daAuts
  Lair:3: 1941 daAuts
    D:11: 1929 daAuts
  Lair:5: 1799 daAuts
  Lair:6: 1774 daAuts
     D:7: 1768 daAuts
  Lair:1: 1659 daAuts
  Lair:4: 1603 daAuts
     D:8: 1548 daAuts
     D:6: 1454 daAuts
